[Event "Early-Titled-Tuesday-Blitz-July-09-2024"]
[Site "Chess.com"]
[Date "2024.07.09"]
[Round "1"]
[White "Hongjin"]
[Black "chessmachine14"]
[Result "1-0"]
[WhiteElo "2602"]
[BlackElo "2251"]
[TimeControl "180+1"]
[EndTime "8:05:32 PDT"]
[Termination "Hongjin won on time"]

1. e4 c5 2. Be2 Nc6 3. f4 d5 4. d3 dxe4 5. dxe4 Qxd1+ 6. Bxd1 e5 7.
fxe5 Nxe5 8. Nf3 Nxf3+ 9. gxf3 Be6 10. c3 O-O-O 11. Be3 Nf6 12. Na3 h6 13. Bb3 g5 14.
Bxe6+ fxe6 15. Nc4 Nd7 16. a4 b6 17. h4 Be7 18. hxg5 hxg5 19. Ke2 Nf6 20. Bxg5 Rhg8 21. Bxf6 Bxf6 22. Rag1 Rxg1 23. Rxg1 Rh8 24. Rg6 Rh2+ 25.
Kd3 Be7 26. Rxe6 Kd7 27. Rg6 Rf2 28. Ke3 Rf1 29. Ne5+ Kc7 30. Rg7 Kd6 31. Nc4+ Ke6 32. f4 Kf6 33. Rh7 Re1+ 34. Kf3 Rf1+ 35. Kg3 Re1 36.
e5+ Ke6 37. f5+ Kd5 38. Rxe7 Kxc4 39. f6 Kd5 40. f7 Rf1 41. e6 1-0

[Event "Early-Titled-Tuesday-Blitz-July-09-2024"]
[Site "Chess.com"]
[Date "2024.07.09"]
[Round "1"]
[White "Sofia_Blokhin"]
[Black "xakevicius91"]
[Result "0-1"]
[WhiteElo "2201"]
[BlackElo "2590"]
[TimeControl "180+1"]
[EndTime "8:05:34 PDT"]
[Termination "xakevicius91 won by checkmate"]

1. d4 Nf6 2. c4 e6 3. Nc3 Bb4 4.
e3 O-O 5. Bd3 c5 6. Nf3 Nc6 7. O-O Bxc3 8. bxc3 d6 9. e4 e5 10. d5 Ne7 11. Bg5 Ng6 12. Nh4 h6 13. Nxg6 fxg6 14. Bh4 g5 15. Bg3 Qe8 16. h3 Nh5 17.
Bh2 Nf4 18. Bxf4 gxf4 19. Be2 Qg6 20. Qd3 h5 21. Kh2 Bd7 22. Rab1 b6 23. Rbe1 Qg5 24.
Bf3 Rf6 25. Qe2 g6 26. g3 Raf8 27. h4 Qh6 28. Kg2 g5 29. hxg5 Qxg5 30. Rh1 Bg4 31. Bxg4 hxg4 32. Kg1 fxg3 33. fxg3 Rf2 34. Qxf2 Rxf2 35. Kxf2 Qd2+ 36. Re2 Qxc3 37. Kf1 Qxc4 38. Kf2 Qd4+ 39. Kf1 Qd1+ 40. Re1 Qf3+ 41. Kg1 Qxg3+ 42.
Kf1 Qf3+ 43. Kg1 c4 44. Rf1 Qg3# 0-1

[Event "Early-Titled-Tuesday-Blitz-July-09-2024"]
[Site "Chess.com"]
[Date "2024.07.09"]
[Round "1"]
[White "Zorbos"]
[Black "unbreakablepawn35"]
[Result "1-0"]
[WhiteElo "2692"]
[BlackElo "2381"]
[TimeControl "180+1"]
[EndTime "8:05:35 PDT"]
[Termination "Zorbos won by resignation"]

1. e4 d5 2. exd5 Qxd5 3. Nc3 Qd8 4. Nf3 Nf6 5. Bc4 a6 6. O-O b5 7. Bb3 e6 8. d4 Bd6 9. Re1 O-O 10. Bg5 Bb7 11. Ne5 h6 12. Bh4 c5 13. dxc5 Bxc5 14.
Qe2 Nc6 15. Rad1 Qe7 16. Rd7 Qxd7 17. Nxd7 Nxd7 18. Ne4 Be7 19. Bxe7 Nxe7 20. Nd6 Bd5 21. c3 Rad8 22. Bc2 Nf6 23. Qe5 Nc6 24. Qg3 Rd7 25.
a4 b4 26. c4 Nd4 27. Bb1 Bc6 28. c5 Bxa4 29. Qd3 Nf5 30. Qxa6 Nxd6 31. Qxa4 Nc4 32.
Qxb4 Nd2 33. c6 Rd5 34. c7 Nxb1 35. Qxf8+ Kxf8 36. c8=Q+ Ke7 37. Rxb1 Nd7 38. b4 f5 39.
b5 Rc5 40. Qg8 Kf6 41. b6 Nxb6 42. Qd8+ Kg6 43. Qxb6 Rc1+ 44. Rxc1 Kf7 45. Re1 1-0

[Event "Early-Titled-Tuesday-Blitz-July-09-2024"]
[Site "Chess.com"]
[Date "2024.07.09"]
[Round "1"]
[White "neistoviupryam"]
[Black "Zavgorodniy_Sergiy"]
[Result "0-1"]
[WhiteElo "2334"]
[BlackElo "2654"]
[TimeControl "180+1"]
[EndTime "8:05:35 PDT"]
[Termination "Zavgorodniy_Sergiy won by resignation"]

1. e4 e5 2. Nf3 d6 3. Bc4 Be7 4. h3 Nf6 5. Nc3 O-O 6. d4 exd4 7. Nxd4 Nxe4 8. Nxe4 d5 9. Bxd5 Qxd5 10. Qd3 f5 11. Ng3 Qxg2 12. Bf4 Qd5 13. O-O-O Qxa2 14. Nb3 Bf6 15.
Qd5+ Kh8 16. Be5 Bxe5 17. Qxe5 Nc6 18. Qc3 Be6 19. Nh5 Rf7 20. Rhe1 Bxb3 21. cxb3 a5 22.
Rg1 Qa1+ 23. Kc2 Nb4+ 24. Qxb4 Qxd1+ 25. Rxd1 axb4 26. Rd4 c5 27. Rd5 Rc8 28. Nf4 g6 29. Ne6 Re7 30. Ng5 Kg7 31. Rd2 b5 32. h4 c4 33. Nf3 c3 34. bxc3 Rxc3+ 0-1

[Event "Early-Titled-Tuesday-Blitz-July-09-2024"]
[Site "Chess.com"]
[Date "2024.07.09"]
[Round "1"]
[White "Gryffindorac8"]
[Black "Vladimir_Zakhartsov"]
[Result "0-1"]
[WhiteElo "2482"]
[BlackElo "2884"]
[TimeControl "180+1"]
[EndTime "8:05:36 PDT"]
[Termination "Vladimir_Zakhartsov won by resignation"]

1. d4 Nf6 2. c4 e6 3. Nf3 c5 4. d5 exd5 5. cxd5 b5 6. g3 d6 7.
Bg2 g6 8. O-O Bg7 9. a4 b4 10. Nbd2 O-O 11. Nc4 Ba6 12. Qc2 Re8 13. Bf4 Ne4 14. Rfe1 Bxc4 15. Qxc4 Bxb2 16. Rab1 Bc3 17.
Red1 Nd7 18. h4 Bg7 19. Ng5 Nb6 20. Qa6 Nc3 21. Re1 Nxb1 22. Rxb1 Qc8 23. Qb5 Qd7 24. Qa6 Qxa4 25. Qb7 Qd7 26. Qa6 Be5 27. Bh3 Qc7 28. Be3 Bxg3 0-1

[Event "Early-Titled-Tuesday-Blitz-July-09-2024"]
[Site "Chess.com"]
[Date "2024.07.09"]
[Round "1"]
[White "GothamChess"]
[Black "Road2GM3000"]
[Result "1-0"]
[WhiteElo "2752"]
[BlackElo "2418"]
[TimeControl "180+1"]
[EndTime "8:05:36 PDT"]
[Termination "GothamChess won on time"]

1. e4 c5 2. a3 b6 3. Nc3 e6 4. d4 cxd4 5. Qxd4 Nc6 6. Qe3 d6 7. Nf3 Nf6 8. Bb5 Bd7 9. Bd2 Be7 10.
h3 a6 11. Be2 O-O 12. O-O b5 13. Rfd1 Qc7 14. Qf4 Ne5 15. Qg3 Rfd8 16. Be3 Rab8 17.
Bd4 Nxf3+ 18. Bxf3 Bc6 19. e5 Ne8 20. Ne4 Bxe4 21. Bxe4 d5 22. Bd3 Bc5 23. Qh4 g6 24.
c3 1-0

[Event "Early-Titled-Tuesday-Blitz-July-09-2024"]
[Site "Chess.com"]
[Date "2024.07.09"]
[Round "1"]
[White "DarkPassenger007"]
[Black "MrMatesM"]
[Result "0-1"]
[WhiteElo "2386"]
[BlackElo "2718"]
[TimeControl "180+1"]
[EndTime "8:05:36 PDT"]
[Termination "MrMatesM won on time"]

1. e4 c5 2. Nf3 d6 3. d4 cxd4 4. Nxd4 Nf6 5. Nc3 Nc6 6. Bg5 e6 7. Qd2 a6 8. O-O-O Bd7 9. Kb1 b5 10. f3 Rc8 11. h4 Be7 12. Be2 Ne5 13. g4 Nc4 14. Bxc4 Rxc4 15. h5 b4 16. Bxf6 Bxf6 17.
Nce2 h6 18. f4 Qb6 19. g5 hxg5 20. fxg5 Be5 21. h6 g6 22. Nf3 Rxe4 23. Nxe5 Rxe5 24.
Ng3 Ke7 25. Qf4 Rh7 26. Qf6+ Ke8 27. Rhf1 Qc5 0-1

[Event "Early-Titled-Tuesday-Blitz-July-09-2024"]
[Site "Chess.com"]
[Date "2024.07.09"]
[Round "1"]
[White "EvilMorty23"]
[Black "Ditman2007"]
[Result "0-1"]
[WhiteElo "2401"]
[BlackElo "2714"]
[TimeControl "180+1"]
[EndTime "8:05:36 PDT"]
[Termination "Ditman2007 won by resignation"]

1. e4 e6 2. d4 d5 3. Nd2 Be7 4. e5 c5 5. c3 Nc6 6. Ngf3 Qb6 7.
Nb3 c4 8. Nbd2 Nh6 9. h4 Bd7 10.
g3 O-O 11. Bh3 f5 12. exf6 Bxf6 13. O-O Rae8 14. Re1 Nf7 15. Nf1 Qd8 16. Ne3 Nd6 17.
Ng4 Nf7 18. Nge5 Nfxe5 19. Nxe5 Nxe5 20. dxe5 Bxh4 21. gxh4 Qxh4 22. Re3 Qxf2+ 23. Kh1 d4 24. Qxd4 Bc6+ 25. Re4 Qe1+ 26. Kh2 Rf2+ 27. Kg3 Re2+ 28. Kf3 Bxe4+ 29. Kg4 Bf5+ 30. Kh5 Rh2 31. Bg5 Qe2+ 0-1

[Event "Early-Titled-Tuesday-Blitz-July-09-2024"]
[Site "Chess.com"]
[Date "2024.07.09"]
[Round "1"]
[White "HansOnTwitch"]
[Black "AA95"]
[Result "1-0"]
[WhiteElo "3133"]
[BlackElo "2534"]
[TimeControl "180+1"]
[EndTime "8:05:37 PDT"]
[Termination "HansOnTwitch won by checkmate"]

1. e4 c5 2. Nf3 Nc6 3. Bb5 g6 4. O-O Bg7 5. Bxc6 bxc6 6. Re1 e5 7. c3 d6 8. d4 cxd4 9. cxd4 Bg4 10. dxe5 Bxf3 11.
Qxf3 dxe5 12. Rd1 Qc7 13. Na3 Ne7 14. Nc4 O-O 15. Be3 c5 16. b3 f5 17. h3 Rad8 18. Rac1 f4 19. Bd2 Nc6 20. Bc3 Nd4 21. Bxd4 exd4 22.
Nb2 Qa5 23. Na4 Rc8 24. Rc4 Be5 25. Nxc5 Qxa2 26. Qg4 Kh8 27. Nd7 Rxc4 28. bxc4 Re8 29. Nxe5 Rxe5 30. Qxf4 Re7 31. Qf8# 1-0

[Event "Early-Titled-Tuesday-Blitz-July-09-2024"]
[Site "Chess.com"]
[Date "2024.07.09"]
[Round "1"]
[White "yesilikeorangejuice"]
[Black "Msb2"]
[Result "0-1"]
[WhiteElo "2534"]
[BlackElo "3101"]
[TimeControl "180+1"]
[EndTime "8:05:38 PDT"]
[Termination "Msb2 won by resignation"]

1. e4 e6 2. d4 d5 3. e5 c5 4.
c3 Nc6 5. Nf3 Nge7 6. Na3 Bd7 7.
Nc2 Qa5 8. Bd2 Qb6 9. Bd3 c4 10.
Be2 Qxb2 11. Rb1 Qxa2 12. Rxb7 Qa6 13. Qb1 Nc8 14. O-O Nb6 15. Rxd7 Nxd7 16. Ne3 Be7 17. Qc2 Rb8 18. Ng4 Qb7 19. Qa4 Qb5 20. Qa1 O-O 21. Bd1 Qb2 22. Qa4 Rfc8 23. Bg5 Qxc3 24. Bxe7 Nxe7 25.
Qxd7 Nf5 26. Ng5 Rf8 27. Qxa7 Qxd4 28. Qd7 h5 29. Ne3 Nxe3 30. Bxh5 Nxf1 31. Bxf7+ Kh8 32. Qxe6 Qh4 33. Nf3 Qh6 34. Qxh6+ gxh6 35. e6 Rxf7 36. exf7 c3 0-1

[Event "Early-Titled-Tuesday-Blitz-July-09-2024"]
[Site "Chess.com"]
[Date "2024.07.09"]
[Round "1"]
[White "DanLowinger"]
[Black "Losingexperience"]
[Result "0-1"]
[WhiteElo "2416"]
[BlackElo "2745"]
[TimeControl "180+1"]
[EndTime "8:05:41 PDT"]
[Termination "Losingexperience won by resignation"]

1. e4 c5 2. Nf3 d6 3. d4 cxd4 4.
Nxd4 Nf6 5. Nc3 g6 6. Be3 Nc6 7.
f3 h5 8. Qd2 Nxd4 9. Bxd4 Bh6 10. Be3 Bxe3 11. Qxe3 Be6 12. O-O-O Qa5 13. Kb1 Rc8 14.
a3 a6 15. Qd4 Qc5 16. Be2 O-O 17. Rhe1 b5 18. Bf1 Qxd4 19. Rxd4 Rc5 20. f4 Rfc8 21. g3 Kg7 22. h3 Nd7 23. Be2 Bxh3 24. Nd5 Kf8 25.
Ne3 Nf6 26. c4 bxc4 27. Bxc4 a5 28. b4 axb4 29. axb4 Rb8 30. Bf1 e5 31. Rc4 Rxc4 32.
Bxc4 Rxb4+ 33. Kc2 exf4 34. Kc3 Rb8 35. gxf4 Nxe4+ 36. Kd4 Nd2 37. Bd3 Nf3+ 0-1

[Event "Early-Titled-Tuesday-Blitz-July-09-2024"]
[Site "Chess.com"]
[Date "2024.07.09"]
[Round "1"]
[White "vladjianu"]
[Black "tarno17"]
[Result "1-0"]
[WhiteElo "2579"]
[BlackElo "2190"]
[TimeControl "180+1"]
[EndTime "8:05:41 PDT"]
[Termination "vladjianu won by resignation"]

1. d4 d5 2. c4 e6 3. Nc3 Nf6 4. cxd5 exd5 5. Bg5 Be7 6. e3 O-O 7. Bd3 h6 8. Bh4 b6 9. Nf3 Bb7 10. O-O Nbd7 11. Qc2 c5 12. Rad1 c4 13. Bf5 a6 14.
Ne5 b5 15. a3 Rb8 16. f4 Ba8 17. g4 a5 18. g5 hxg5 19. fxg5 Ne4 20. Nxd7 Bxg5 21. Nxe4 dxe4 22. Bxg5 Qxg5+ 23. Kh1 Qxe3 24. Nxb8 Rxb8 25. d5 Rd8 26. Qf2 Qh6 27. Qf4 Bxd5 28. Qxh6 gxh6 29. Kg1 e3 30. Rfe1 Re8 31. Rxd5 1-0

[Event "Early-Titled-Tuesday-Blitz-July-09-2024"]
[Site "Chess.com"]
[Date "2024.07.09"]
[Round "1"]
[White "Prizant_academy"]
[Black "Brown_Mamba24"]
[Result "1-0"]
[WhiteElo "3024"]
[BlackElo "2529"]
[TimeControl "180+1"]
[EndTime "8:05:42 PDT"]
[Termination "Prizant_academy won by resignation"]

1. d4 Nf6 2. c4 g6 3. h4 Bg7 4.
Nc3 d6 5. e4 e5 6. d5 a5 7. Be2 h5 8. Bg5 Na6 9. Nh3 Nc5 10. f3 Bd7 11. Nf2 c6 12. dxc6 Bxc6 13. Qd2 Ne6 14. Be3 Qc7 15. O-O-O Rd8 16. Kb1 O-O 17.
g4 Nd4 18. Rhg1 hxg4 19. fxg4 Nh7 20. h5 g5 21. Nd5 Bxd5 22. exd5 Bh6 23. Ne4 Nxe2 24.
Qxe2 f6 25. Ng3 Rf7 26. Nf5 Bf8 27. Rc1 a4 28. Qd2 a3 29. b3 Ra8 30. Qb4 Ra6 31.
Rgd1 Qc8 32. c5 dxc5 33. Bxc5 Qd8 34. Bxf8 Rxf8 35. Qxb7 Rb6 36. Qc7 Qxc7 37. Rxc7 Rd8 38. d6 Nf8 39. Nh6+ Kh8 40. Nf7+ 1-0

[Event "Early-Titled-Tuesday-Blitz-July-09-2024"]
[Site "Chess.com"]
[Date "2024.07.09"]
[Round "1"]
[White "VladimirKramnik"]
[Black "SipahiPower"]
[Result "1-0"]
[WhiteElo "2992"]
[BlackElo "2522"]
[TimeControl "180+1"]
[EndTime "8:05:42 PDT"]
[Termination "VladimirKramnik won by resignation"]

1. e4 e6 2. d4 d5 3. exd5 exd5 4.
Nf3 Nc6 5. Bb5 Bd6 6. O-O Bg4 7. c3 Ne7 8. h3 Bh5 9. Re1 O-O 10. Nbd2 f6 11.
Bf1 Re8 12. b4 a5 13. b5 Nb8 14. a4 Nd7 15. Qb3 Nb6 16. Ba3 Qd7 17. Bc5 Bf7 18.
Qa3 Nbc8 19. c4 dxc4 20. Bxc4 b6 21. Bxf7+ Kxf7 22. Qb3+ Kf8 23. Ne4 bxc5 24. dxc5 Bf4 25. Rad1 Qf5 26. g4 Qg6 27. b6 Rb8 28. b7 Na7 29. c6 Naxc6 30. Nc5 Qf7 31. Qb5 Nd5 32.
Qxc6 Rxe1+ 33. Rxe1 Bd6 34. Nd7+ 1-0

[Event "Early-Titled-Tuesday-Blitz-July-09-2024"]
[Site "Chess.com"]
[Date "2024.07.09"]
[Round "1"]
[White "RodriQA"]
[Black "atbenina64"]
[Result "0-1"]
[WhiteElo "2430"]
[BlackElo "2789"]
[TimeControl "180+1"]
[EndTime "8:05:42 PDT"]
[Termination "atbenina64 won by resignation"]

1. Nf3 Nf6 2. g3 d5 3. Bg2 e6 4. b3 Be7 5. Bb2 O-O 6. O-O b6 7. c4 Bb7 8. e3 c5 9. d4 dxc4 10. bxc4 cxd4 11. exd4 Nc6 12. Qa4 Qd7 13. Nc3 Na5 14.
Qb5 Qc8 15. Ne5 Bxg2 16. Kxg2 a6 17. Qa4 Qc7 18. Rac1 Rfc8 19. Nd1 b5 20. cxb5 Qb7+ 21. Kg1 axb5 22. Rxc8+ Qxc8 23. Qb3 Nxb3 0-1

[Event "Early-Titled-Tuesday-Blitz-July-09-2024"]
[Site "Chess.com"]
[Date "2024.07.09"]
[Round "1"]
[White "Massakru"]
[Black "Maitreia"]
[Result "1-0"]
[WhiteElo "2399"]
[BlackElo "2676"]
[TimeControl "180+1"]
[EndTime "8:05:43 PDT"]
[Termination "Massakru won by resignation"]

1. e4 c5 2. c3 Nf6 3. e5 Nd5 4. Bc4 Nb6 5. Bb3 Nc6 6. Nf3 g6 7. d4 cxd4 8. cxd4 Bg7 9. Qe2 O-O 10.
d5 Na5 11. Nc3 Nxb3 12. axb3 d6 13. exd6 exd6 14. O-O Re8 15. Qd1 Bf5 16. Bf4 a6 17. Nd4 Be4 18. Re1 Bxd5 19. Rxe8+ Qxe8 20. Bxd6 Qd7 21. Bc5 Nc8 22. Nf3 Bc6 23. Qe2 b6 24. Rd1 Qb7 25.
Rd8+ Bf8 26. Rxf8+ Kg7 27. Qe5+ Kh6 28. Be3+ 1-0

[Event "Early-Titled-Tuesday-Blitz-July-09-2024"]
[Site "Chess.com"]
[Date "2024.07.09"]
[Round "1"]
[White "RandomNoob04"]
[Black "NajdorfPlayerc5"]
[Result "1-0"]
[WhiteElo "2766"]
[BlackElo "2422"]
[TimeControl "180+1"]
[EndTime "8:05:45 PDT"]
[Termination "RandomNoob04 won on time"]

1. e4 c5 2. d4 cxd4 3. c3 Nf6 4. e5 Nd5 5. Nf3 Nc6 6. Bc4 Nb6 7. Bb3 d5 8. exd6 Qxd6 9. O-O Be6 10. Na3 Bxb3 11. Qxb3 Qd5 12. Nb5 Qxb3 13. axb3 O-O-O 14. Ng5 Rd5 15. Nxf7 Rxb5 16. Nxh8 dxc3 17. bxc3 g6 18. Nf7 Bg7 19. Ng5 Rxb3 20. Be3 Bxc3 21. Rab1 Rxb1 22. Rxb1 Nd5 23. Ne4 Nxe3 24. Nxc3 Nc4 25. Rc1 a6 26. Nd5 b5 27. Kf1 Kb7 28. Ke2 a5 29.
Nc3 b4 30. Ne4 Nd6 31. Nxd6+ exd6 32. Kd3 Kb6 33. Kc4 Ne5+ 34. Kb3 Nd3 35. Rd1 Nxf2 36.
Rxd6+ Kb5 37. Rd5+ Kb6 38. Rd7 Ne4 39. Rxh7 Nc5+ 40.
Kc4 Ne6 41. Rh6 Nf8 42. h4 1-0

[Event "Early-Titled-Tuesday-Blitz-July-09-2024"]
[Site "Chess.com"]
[Date "2024.07.09"]
[Round "1"]
[White "JAN2404"]
[Black "subham777"]
[Result "0-1"]
[WhiteElo "2064"]
[BlackElo "2554"]
[TimeControl "180+1"]
[EndTime "8:05:45 PDT"]
[Termination "subham777 won by resignation"]

1. e4 e6 2. d4 d5 3. e5 c5 4. c3 Nc6 5. Nf3 Qb6 6. a3 cxd4 7. cxd4 Nge7 8. Nc3 a6 9. Be2 Nf5 10. Na4 Qa7 11. Be3 Be7 12. O-O O-O 13. Rc1 Bd7 14. b4 f6 15. Nc5 Bxc5 16. Rxc5 fxe5 17. dxe5 Nxe3 18. fxe3 Rac8 19. Kh1 Ne7 20. Rxc8 Rxc8 21. Nd4 Qb8 22. Bh5 Qxe5 23. Bf7+ Kh8 24. Qh5 Qxe3 25.
Qh4 Rc1 26. Qf2 0-1

[Event "Early-Titled-Tuesday-Blitz-July-09-2024"]
[Site "Chess.com"]
[Date "2024.07.09"]
[Round "1"]
[White "tptagain"]
[Black "chess_blitz00"]
[Result "1-0"]
[WhiteElo "3066"]
[BlackElo "2532"]
[TimeControl "180+1"]
[EndTime "8:05:46 PDT"]
[Termination "tptagain won on time"]

1. d4 Nf6 2. Nf3 e6 3. Bg5 d5 4. Nbd2 Be7 5. e3 Nbd7 6. Bd3 h6 7. Bf4 Nh5 8. Be5 Nxe5 9. dxe5 g6 10. c4 Ng7 11. Qc2 c6 12. O-O-O Bd7 13. Kb1 O-O 14.
h4 h5 15. Rdg1 b5 16. c5 Be8 17. g4 b4 18. gxh5 Nxh5 19. Ng5 Bxg5 20. Rxg5 Ng7 21. f4 a5 22. h5 a4 23. hxg6 b3 24. axb3 axb3 25.
Nxb3 fxg6 26. Bxg6 Bxg6 27. Qxg6 Ra7 28. Rgh5 1-0

[Event "Early-Titled-Tuesday-Blitz-July-09-2024"]
[Site "Chess.com"]
[Date "2024.07.09"]
[Round "1"]
[White "jumpingknight20"]
[Black "montyotto"]
[Result "1-0"]
[WhiteElo "2777"]
[BlackElo "2426"]
[TimeControl "180+1"]
[EndTime "8:05:47 PDT"]
[Termination "jumpingknight20 won by resignation"]

1. d4 Nf6 2. Nf3 c5 3. dxc5 e6 4. g3 Bxc5 5. Bg2 d5 6. O-O Nc6 7. c4 d4 8. Bg5 h6 9. Bxf6 Qxf6 10. Nbd2 Bb6 11. a3 a5 12. Rc1 e5 13. c5 Bc7 14.
Ne4 Qe7 15. Nfd2 f5 16. Nd6+ Bxd6 17. cxd6 Qxd6 18. Nc4 Qf6 19. Nb6 Rb8 20. Qb3 Be6 21. Nd5 Qf7 22. Rxc6 O-O 23. Rxe6 Qxe6 24. Ne7+ Kf7 25.
Bd5 1-0

[Event "Early-Titled-Tuesday-Blitz-July-09-2024"]
[Site "Chess.com"]
[Date "2024.07.09"]
[Round "1"]
[White "gshwbedhkhd"]
[Black "NowInChess"]
[Result "1-0"]
[WhiteElo "2588"]
[BlackElo "2200"]
[TimeControl "180+1"]
[EndTime "8:05:47 PDT"]
[Termination "gshwbedhkhd won on time"]

1. f4 d5 2. Nf3 Nf6 3. g3 g6 4. Bg2 Bg7 5. O-O O-O 6. d3 c5 7.
Qe1 d4 8. Na3 Nc6 9. Bd2 Re8 10.
h3 e5 11. fxe5 Nxe5 12. Nxe5 Rxe5 13. Qf2 Rf5 14. Bf3 Rxf3 15. Qxf3 Bxh3 16. Rf2 Bg4 17. Qf4 Qb8 18. Nc4 Qxf4 19. Bxf4 b5 20. Nd6 a6 21. Bg5 Nd5 22. Nxf7 Ne3 23. Nh6+ Bxh6 24. Bxh6 Re8 25. a4 b4 26. Rc1 Nf5 27. Bf4 h6 28. Kh2 Kh7 29. c3 b3 30. cxd4 Nxd4 31. Rxc5 Nxe2 32. Rc7+ Kg8 33. Bxh6 Bf5 34. Rc6 Nd4 35. Rxa6 1-0

[Event "Early-Titled-Tuesday-Blitz-July-09-2024"]
[Site "Chess.com"]
[Date "2024.07.09"]
[Round "1"]
[White "karinachess1"]
[Black "Nekoo04"]
[Result "1-0"]
[WhiteElo "2698"]
[BlackElo "2387"]
[TimeControl "180+1"]
[EndTime "8:05:48 PDT"]
[Termination "karinachess1 won by resignation"]

1. d4 Nf6 2. c4 g6 3. Nc3 Bg7 4. Nf3 O-O 5. e4 c6 6. e5 Ne8 7. Bf4 d6 8. Be2 Bg4 9. O-O Nd7 10. exd6 Nxd6 11. h3 Bxf3 12. Bxf3 Nxc4 13. Qb3 Ncb6 14. d5 cxd5 15. Nxd5 Nc5 16. Qd1 Bxb2 17. Rb1 Bg7 18. Bc7 Qe8 19. Bxb6 axb6 20. Nc7 Qc8 21. Nxa8 Qxa8 22. Qe2 Ne6 23. Qc4 Rc8 24. Qd5 Rc5 25.
Qxb7 Qxa2 26. Qxe7 b5 27. Rxb5 Rxb5 28. Qe8+ Bf8 29.
Qxb5 Nd4 30. Qd3 Nxf3+ 31. Qxf3 h5 32. h4 Qa4 33. g3 Bc5 34. Kg2 Kg7 35. Rd1 Bb6 36.
Rd6 Qa7 37. Qf6+ Kg8 38. Rxb6 Qa8+ 39. Kh2 Qe8 40. Rd6 Kh7 41. Rd8 1-0

[Event "Early-Titled-Tuesday-Blitz-July-09-2024"]
[Site "Chess.com"]
[Date "2024.07.09"]
[Round "1"]
[White "KVAIDAN"]
[Black "Chess_master1982"]
[Result "0-1"]
[WhiteElo "2314"]
[BlackElo "2634"]
[TimeControl "180+1"]
[EndTime "8:05:48 PDT"]
[Termination "Chess_master1982 won by resignation"]

1. f4 f5 2. e4 e6 3. Nc3 d5 4. exf5 exf5 5. Nf3 Nf6 6. Ne5 c5 7. Bb5+ Nbd7 8. d4 a6 9. Bxd7+ Bxd7 10.
dxc5 Bxc5 11. Qf3 O-O 12. Bd2 d4 13. Nd5 Ne4 14. O-O-O Be6 15. c4 Bxd5 16. cxd5 Qxd5 17.
Kb1 a5 18. Nd3 b6 19. Rhf1 a4 20. a3 Rac8 21. g4 b5 22. gxf5 Qxf5 23. Ka1 Be7 24.
Rfe1 Nxd2 25. Rxd2 Bf6 26. Qb7 Rb8 27. Qa6 Qd5 28. Nb4 Qc4 29. Qe6+ Kh8 30. f5 h6 31.
Qxc4 bxc4 32. Nc6 c3 33. Rd3 Rxb2 34. Nxd4 Rxh2 35. Ne6 Rb8 36. Nd4 Rd2 37. Rxd2 cxd2 38. Rd1 Bxd4+ 39. Ka2 Rb2+ 40. Ka1 Rc2+ 41. Kb1 Rc1+ 42.
Rxc1 dxc1=Q+ 43. Kxc1 h5 44. Kc2 Bf6 45. Kd3 h4 46.
Ke3 Kg8 47. Kf3 Kf7 48. Kg4 Ke8 49. Kh5 Kd7 50. Kg6 Kd6 0-1

[Event "Early-Titled-Tuesday-Blitz-July-09-2024"]
[Site "Chess.com"]
[Date "2024.07.09"]
[Round "1"]
[White "marvinguevara"]
[Black "zsizsi99"]
[Result "0-1"]
[WhiteElo "2045"]
[BlackElo "2550"]
[TimeControl "180+1"]
[EndTime "8:05:48 PDT"]
[Termination "zsizsi99 won by resignation"]

1. e4 c5 2. Nf3 Nc6 3. d4 cxd4 4. Nxd4 e5 5. Nb5 d6 6. c4 Nf6 7. N1c3 a6 8. Na3 g6 9. Nc2 Bg7 10. Be3 O-O 11. f3 Be6 12. Be2 Rc8 13. b3 b5 14.
cxb5 axb5 15. Bxb5 d5 16. exd5 Nxd5 17. Nxd5 Qa5+ 18.
Qd2 Qxb5 19. Nc3 Qa6 20. Ne4 Rfd8 21. Nc5 Rxd2 22. Nxa6 Rxc2 23. Nc5 e4 24. Rd1 exf3 25. gxf3 Rxa2 26. Ne4 Bxb3 27. Rc1 Bb2 28. O-O Bxc1 29. Rxc1 Be6 30. Nd6 Rb8 31. Rxc6 Rb1+ 32. Bc1 Raa1 33.
Rc8+ Bxc8 0-1

[Event "Early-Titled-Tuesday-Blitz-July-09-2024"]
[Site "Chess.com"]
[Date "2024.07.09"]
[Round "1"]
[White "GHANDEEVAM2003"]
[Black "Lady_Nika"]
[Result "1-0"]
[WhiteElo "3182"]
[BlackElo "2539"]
[TimeControl "180+1"]
[EndTime "8:05:49 PDT"]
[Termination "GHANDEEVAM2003 won on time"]

1. Nf3 d5 2. b3 Nf6 3. Bb2 g6 4.
c4 c6 5. cxd5 cxd5 6. Bxf6 exf6 7.
e3 Nc6 8. d4 Bb4+ 9. Nbd2 Bg4 10. a3 Bxd2+ 11. Qxd2 Bxf3 12. gxf3 a6 13. f4 O-O 14. h4 f5 15. h5 Re8 16. Bg2 Qd6 17. Kf1 Re7 18. b4 Rae8 19. Rc1 Nb8 20. Rc5 Nd7 21.
Rxd5 Qe6 22. Bf3 Nf6 23. Re5 Qc4+ 24. Kg2 Ng4 25. Bxg4 fxg4 26. Rc1 Qb3 27. Rxe7 Rxe7 28. d5 gxh5 29. d6 Rd7 30. Qd4 Rd8 31. Rc5 h6 32.
Qf6 Rf8 33. Qxh6 1-0

[Event "Early-Titled-Tuesday-Blitz-July-09-2024"]
[Site "Chess.com"]
[Date "2024.07.09"]
[Round "1"]
[White "stollenmonster"]
[Black "dey2580"]
[Result "1-0"]
[WhiteElo "2901"]
[BlackElo "2488"]
[TimeControl "180+1"]
[EndTime "8:05:49 PDT"]
[Termination "stollenmonster won by resignation"]

1. e4 e6 2. Nc3 d5 3. g3 Nf6 4. Bg2 Be7 5. d4 O-O 6. Nge2 dxe4 7. Nxe4 Nbd7 8. Nxf6+ Nxf6 9. O-O c5 10. c4 cxd4 11.
Qxd4 Qxd4 12. Nxd4 Rd8 13. Nb3 e5 14. Be3 Be6 15.
Bxb7 Rab8 16. Ba6 Ng4 17. Bc5 Bxc5 18. Nxc5 Rd6 19. Bb5 Bf5 20. Rad1 Rh6 21. h4 g5 22. hxg5 Rh5 23. Rfe1 Rxg5 24. b3 Kg7 25. Nd7 e4 26.
Nxb8 1-0

[Event "Early-Titled-Tuesday-Blitz-July-09-2024"]
[Site "Chess.com"]
[Date "2024.07.09"]
[Round "1"]
[White "Trendle"]
[Black "waltereador"]
[Result "1-0"]
[WhiteElo "2632"]
[BlackElo "2312"]
[TimeControl "180+1"]
[EndTime "8:05:49 PDT"]
[Termination "Trendle won by resignation"]

1. f4 Nf6 2. Nf3 d5 3. g3 c5 4. Bg2 Nc6 5. O-O Bf5 6. d3 Rc8 7. Nc3 h6 8. Ne5 e6 9. e4 dxe4 10. dxe4 Qxd1 11. Rxd1 Nxe5 12. fxe5 Bg4 13. exf6 Bxd1 14.
fxg7 Bxg7 15. Nxd1 Ke7 16. Be3 b6 17. c3 Rcd8 18. Nf2 h5 19. a4 a5 20. Bf1 h4 21.
gxh4 Bf6 22. Ng4 Bxh4 23. Ne5 Rdg8+ 24. Bg2 f6 25. Nf3 Rg4 26. Nxh4 Rgxh4 27. h3 Rg8 28. Kf2 e5 29. Rb1 Rhh8 30. b4 axb4 31. cxb4 cxb4 32.
Rxb4 Ra8 33. Bxb6 Rhb8 34. a5 Ke6 35. Bf3 Kd6 36. Rb2 Kc6 37. Rc2+ Kb5 38. Be2+ Kb4 39. Rc4+ Kb3 40. Rc6 Rf8 41. Bc4+ Kb4 42. Be6 Kb5 43.
Rc5+ Ka6 44. Bc4+ Kb7 45. Bd5+ Kb8 46. Bxa8 Kxa8 47. Ke3 f5 48. Rxe5 fxe4 49. Rxe4 Rh8 50. h4 Kb7 51. Kf3 Ka6 52. Kg3 Rh5 53. Kg4 Rh6 54.
h5 1-0

[Event "Early-Titled-Tuesday-Blitz-July-09-2024"]
[Site "Chess.com"]
[Date "2024.07.09"]
[Round "1"]
[White "kreonx"]
[Black "ViIIagra"]
[Result "0-1"]
[WhiteElo "2473"]
[BlackElo "2869"]
[TimeControl "180+1"]
[EndTime "8:05:54 PDT"]
[Termination "ViIIagra won by checkmate"]

1. e4 d6 2. Nc3 Nf6 3. g3 g6 4. Bg2 Bg7 5. Nge2 O-O 6. d4 c5 7. h3 cxd4 8. Nxd4 Nc6 9. Be3 Bd7 10. O-O a6 11. Re1 Rc8 12. Nce2 Ne5 13. b3 b5 14. f4 Nc6 15. Rc1 Qa5 16. Nxc6 Bxc6 17. e5 dxe5 18.
fxe5 Rfd8 19. Nd4 Nd5 20. Nxc6 Rxc6 21. Bxd5 e6 22. Bxc6 Rxd1 23. Rcxd1 Bxe5 24. Bf4 Bxf4 25. gxf4 Qb6+ 26. Kh2 Qxc6 27. Rd2 Qc3 28. Ree2 b4 29. Rd3 Qc7 30. Kg3 g5 31. Rf3 a5 32. Kg4 gxf4 33.
Rxf4 h5+ 34. Kg5 Qc5+ 35. Kf6 Kf8 36. Re5 Qe7# 0-1